 Dungeon Crawl Stone Soup version 0.31-a0-844-gdc52ec4e09 (webtiles) character file.

Game seed: 15219341426772576845

1624 AceOff the Grappler (level 8, -11/49 HPs)
             Began as an Octopode Shapeshifter on Sept 28, 2023.
             Was a Believer of Dithmenos.
             Mangled by a +5 hand axe of chaos (15 damage)
             ... on level 6 of the Dungeon.
             The game lasted 00:09:02 (4841 turns).

AceOff the Grappler (Octopode Shapeshifter)         Turns: 4841, Time: 00:09:03

Health: -11/49     AC:  1    Str: 15    XL:     8   Next: 97%
Magic:  8/8        EV: 19    Int: 13    God:    Dithmenos [**....]
Gold:   325        SH:  0    Dex: 11    Spells: 7/7 levels left

rFire   + .          .
                       - Unarmed
rCold   . . .        (no shield)
rNeg    + . .        (helmet currently unavailable)
rPois   .            (no amulet)
rElec   .            j - ring of resist corrosion
rCorr   +            a - ring of protection from fire
SInv    .            y - +5 ring of evasion
Will    .....        C - ring of positive energy
Stlth   +++++        (no ring)
HPRegen 0.28/turn    (no ring)
MPRegen 0.11/turn    (no ring)
                     (no ring)

%: no passive effects
@: beast-form, wreathed by umbra
A: beast (slay +2), almost no armour, amphibious, 8 rings, camouflage 1,
gelatinous body 1, (nimble swimmer 1), tentacles
a: Begin Untransformation, Renounce Religion, Shadow Step


You were on level 6 of the Dungeon.
You worshipped Dithmenos.
Dithmenos was pleased with you.
You were a hulking beast.
You visited 1 branch of the dungeon, and saw 6 of its levels.

You collected 325 gold pieces.

Inventory:

Missiles
 D - 2 throwing nets
Jewellery
 a - a ring of protection from fire (right tentacle)
 j - a ring of resist corrosion (left tentacle)
 w - a ring of magical power
 y - a +5 ring of evasion (on tentacle)
 C - a ring of positive energy (on tentacle)
Talismans
 b - a beast talisman (active)
 c - a flux talisman
Wands
 u - a wand of flame (13)
 x - a wand of charming (11)
Scrolls
 e - a scroll of blinking {unknown}
 f - a scroll of enchant armour {unknown}
 g - 3 scrolls of poison {unknown}
 l - 2 scrolls of fear {unknown}
 m - a scroll of immolation {unknown}
 n - a scroll of acquirement {unknown}
 q - a scroll of revelation {unknown}
 s - a scroll of enchant weapon
 t - a scroll of fog {unknown}
Potions
 d - 2 potions of mutation {unknown}
 h - a potion of invisibility {unknown}
 i - 4 potions of curing
 k - a potion of haste {unknown}
 o - a potion of degeneration {unknown}
 p - 2 potions of might {unknown}
 v - 2 potions of enlightenment {unknown}
 z - a potion of berserk rage {unknown}
 A - a potion of cancellation {unknown}
 B - 2 potions of magic {unknown}


   Skills:
 + Level 1.6 Fighting
 + Level 4.8 Dodging
 + Level 7.2 Stealth
 + Level 8.2 Unarmed Combat
 + Level 1.2 Evocations
 + Level 4.2 Shapeshifting


You had 7 spell levels left.
You didn't know any spells.
Your spell library was empty.

Dungeon Overview and Level Annotations

Branches:
Dungeon (6/15)             Temple (0/1) D:5

Altars:
Dithmenos
Makhleb
Sif Muna
Vehumet
Wu Jian
Xom
Yredelemnul

Shops:
D:6 [

Annotations:
D:6 JaaP's ghost, novice MiFi


Innate Abilities, Weirdness & Mutations

You are a hulking beast.
Your limbs bulge with bestial killing power. (Slay +2)
You cannot wear most types of armour.
You are amphibious.
You can wear up to eight rings at the same time.
Your skin changes colour to match your surroundings (Stealth+).
Your rubbery body absorbs attacks. (AC +1, EV +1)
((You are camouflaged when in or above water. (Stealth+)))
You have tentacles for arms and can constrict up to eight enemies at once.


Message History

You feel strangely unstable.
It was a scroll of teleportation.
You open the door.
Your surroundings suddenly seem different.
Aiming: Throw Flame
Press: ? - help, Q - select action, (/) - cycle Shift-Dir - straight line, f - +5 hand axe of chaos
Aim: a +5 hand axe of chaos (wandering, hasn't noticed you, 36% to hit)
The puff of flame misses the +5 hand axe of chaos.
Aiming: Throw Flame
Press: ? - help, Q - select action, (/) - cycle Shift-Dir - straight line, f/p - +5 hand axe of chaos
Aim: a +5 hand axe of chaos (36% to hit)
The puff of flame hits the +5 hand axe of chaos.
The +5 hand axe of chaos completely resists.
Aiming: Throw Flame
Press: ? - help, Q - select action, (/) - cycle Shift-Dir - straight line, f/p - +5 hand axe of chaos
Aim: a +5 hand axe of chaos (umbra, 36% to hit)
The puff of flame misses the +5 hand axe of chaos.
The +5 hand axe of chaos completely misses you.
You completely miss the +5 hand axe of chaos.
You grab the +5 hand axe of chaos. You squeeze the +5 hand axe of chaos.
The +5 hand axe of chaos is lightly damaged.
You constrict the +5 hand axe of chaos, but do no damage.
The +5 hand axe of chaos closely misses you.
You tentacle-slap the +5 hand axe of chaos.
The +5 hand axe of chaos is moderately damaged.
You constrict the +5 hand axe of chaos, but do no damage.
The +5 hand axe of chaos hits you!
You are electrocuted!
The +5 hand axe of chaos hits you!
* * * LOW HITPOINT WARNING * * *
The +5 hand axe of chaos freezes you.
* * * LOW HITPOINT WARNING * * *
You tentacle-slap the +5 hand axe of chaos but do no damage.
You squeeze the +5 hand axe of chaos.
The +5 hand axe of chaos is heavily damaged.
You constrict the +5 hand axe of chaos.
The +5 hand axe of chaos completely misses you.
You tentacle-slap the +5 hand axe of chaos but do no damage.
The +5 hand axe of chaos is heavily damaged.
You constrict the +5 hand axe of chaos, but do no damage.
The +5 hand axe of chaos hits you!
You die...

...........# #.................
...........# #..(..............
#######....# #.................
#.##.###'#######.................
(W.#.#...............#######'##..
#'##.'...............#........#..
.....#............#########...'..
....+#............#....(..##..#..
#..............(h.#..).......##..
#.....########'####.._....##.#...
#.....#....#......#..♣....#..#...
#.....#....#.....##.(.....#..#...
#.....#....#.........(....#..#...
#.....#....#.....##.......#..#...
#.....#....'......#...~~..#..#...
#.....######'##.###.~~~~~.####...
..............### #.~~~~~.#...###


You could see a +5 hand axe of chaos.

Vanquished Creatures
  A kobold demonologist (D:5)
  The ghost of ipx the Chopper, an amateur VSFi (D:4)
  A black bear (D:6)
  An ogre (D:5)
  2 kobold brigands
  A bullfrog (D:6)
  A gnoll sergeant (D:5)
  A scorpion (D:4)
  2 jellies
  5 hounds (D:5)
  2 orc priests
  A gnoll bouda (D:6)
  2 sleepcaps (D:6)
  An iguana (D:5)
  2 orc wizards (D:4)
  7 gnolls
  14 adders
  A shadow imp (D:5)
  2 ufetubi (D:6)
  A worm (D:2)
  2 dart slugs
  6 orcs
  10 ball pythons
  6 endoplasms
  3 giant cockroaches
  9 goblins
  10 hobgoblins
  3 jackals (D:3)
  10 quokkas
  7 bats
  6 frilled lizards
  18 kobolds
  5 rats
144 creatures vanquished.

Notes
Turn   | Place    | Note
-------+----------+-------------------------------------------
     0 | D:1      | AceOff the Octopode Shapeshifter began the quest for the
                  | Orb.
     0 | D:1      | Reached XP level 1. HP: 13/13 MP: 1/1
    81 | D:1      | Reached XP level 2. HP: 16/18 MP: 2/2
   377 | D:1      | Reached skill level 1 in Stealth
   516 | D:1      | Reached XP level 3. HP: 15/23 MP: 3/3
  1014 | D:2      | Reached XP level 4. HP: 24/28 MP: 4/4
  1066 | D:2      | Reached skill level 4 in Unarmed Combat
  1434 | D:3      | Found a basalt altar of Yredelemnul.
  1513 | D:3      | Found a shimmering blue altar of Sif Muna.
  1653 | D:3      | Found a shadowy altar of Dithmenos.
  1697 | D:3      | Became a worshipper of Dithmenos the Shadowed
  1977 | D:3      | Reached XP level 5. HP: 23/33 MP: 5/5
  2234 | D:3      | Found a radiant altar of Vehumet.
  2570 | D:4      | Reached XP level 6. HP: 27/38 MP: 6/6
  2587 | D:4      | Reached * piety under Dithmenos
  2588 | D:4      | Reached skill level 5 in Stealth
  3081 | D:4      | Found a runed translucent door.
  3085 | D:4      | Noticed ipx's ghost (amateur VSFi)
  3129 | D:4      | Killed ipx's ghost
  3130 | D:4      | Reached skill level 5 in Unarmed Combat
  3130 | D:4      | Reached XP level 7. HP: 34/43 MP: 7/7
  3217 | D:5      | Entered Level 5 of the Dungeon
  3271 | D:5      | Reached skill level 6 in Unarmed Combat
  3342 | D:5      | Found a basalt altar of Yredelemnul.
  3422 | D:5      | Found a burning altar of Makhleb.
  3447 | D:5      | Found a staircase to the Ecumenical Temple.
  3486 | D:5      | Noticed a kobold demonologist
  3494 | D:5      | Killed a kobold demonologist
  3495 | D:5      | Reached skill level 1 in Evocations
  3495 | D:5      | Reached XP level 8. HP: 43/48 MP: 8/8
  3566 | D:5      | Reached skill level 7 in Unarmed Combat
  3983 | D:6      | Reached ** piety under Dithmenos
  4147 | D:6      | Found an ornate altar of the Wu Jian Council.
  4326 | D:6      | Found a runed translucent door.
  4393 | D:6      | Found a shimmering altar of Xom.
  4393 | D:6      | Noticed JaaP's ghost (novice MiFi)
  4394 | D:6      | Noticed a +5 hand axe of chaos
  4415 | D:6      | Reached skill level 8 in Unarmed Combat
  4437 | D:6      | Found Piewuw's Antique Armour Emporium.
  4841 | D:6      | Mangled by a +5 hand axe of chaos

Illustrated notes

Levels and vault maps discovered:
D:1:      saegor_arrival_simple_c, layout_basic, minmay_fountain_box
D:2:      layout_rooms
D:3:      minmay_bubble_buster, layout_basic,
          mainiacjoe_overflow_surrounded_room, vehumet_altar_wand_db,
          mainiacjoe_overflow_24_doors, overflow_temple_1_default
D:4:      layout_basic, ebering_ghost_reflecting_pool
D:5:      layout_loops_ring, temple_statues, hangedman_feature_mirror,
          corexii_checkpoint_a
D:6:      layout_gridville, nzn_wu_jian_contemplation, serial_shops, shop,
          ebering_ghost_xom

Skill      XL: |  1  2  3  4  5  6  7  8 |
---------------+-------------------------+-----
Stealth        | 1 2 3 4 5 6 7 |  7.2
Unarmed Combat | 4 5 6 8 |  8.2
Dodging        | 3 4 |  4.8
Evocations     | 1 |  1.2
Shapeshifting  | 4 |  4.2
Fighting       | |  1.6

Action                     |  1- 3 |  4- 6 |  7- 9 || total
---------------------------+-------+-------+-------++-------
  Melee: Unarmed           |    70 |   128 |   117 ||   315
         Constrict         |    13 |    23 |    31 ||    67
         Tentacles         |     9 |    19 |    27 ||    55
         Punch             |     1 |     5 |    11 ||    17
  Evoke: Wand              |       |     3 |     3 ||     6
    Use: Potion            |       |     2 |       ||     2
         Scroll            |       |       |     2 ||     2
   Stab: Sleeping          |     8 |    17 |     7 ||    32
 Armour: Skin              |    24 |    63 |    30 ||   117
  Dodge: Dodged            |    42 |    56 |   109 ||   207

Table legend: (Time is in decaauts)
 A = Elapsed time spent in this place.
 B = Non-inter-level travel time spent in this place.
 C = Inter-level travel time spent in this place.
 D = Time resting spent in this place.
 E = Time spent auto-exploring this place.
 F = Levels seen in this place.
 G = Mean time per level.
                   A        B        C        D        E       F      G
               +--------+--------+--------+--------+--------+-----+--------+
         Total |   4808 |   4490 |    318 |      0 |   3679 |   6 |  801.3 |
       Dungeon |   4808 |   4490 |    318 |      0 |   3679 |   6 |  801.3 |
               +--------+--------+--------+--------+--------+-----+--------+

Top non-repeatable levels by time:
     D:3: 940 daAuts
     D:4: 889 daAuts
     D:6: 868 daAuts
     D:1: 842 daAuts
     D:5: 740 daAuts
     D:2: 527 daAuts
